 Dungeon Crawl Stone Soup version 0.19.5 (webtiles) character file.

58 equalderp2856 the Scratcher (level 3, 0/22 HPs)
             Began as a Felid Fighter on Mar 9, 2017.
             Succumbed to an adder's poison
             ... on level 2 of the Dungeon.
             The game lasted 00:03:49 (1734 turns).

equalderp2856 the Scratcher (Felid Fighter)         Turns: 1734, Time: 00:03:50

Health: 0/22       AC: 21    Str: 13    XL:     3   Next: 75%
Magic:  4/4        EV:  4    Int:  9    God:
Gold:   67         SH:  0    Dex: 15    Spells: 0 memorised, 2 levels left
                                        Lives:  0   Deaths: 0

rFire  . . .     SeeInvis +       - Unarmed
rCold  . . .     Gourm    .     (armour unavailable)
rNeg   + + +     Faith    .     (shield unavailable)
rPois  +         Spirit   .     (helmet unavailable)
rElec  .         Reflect  .     (cloak unavailable)
rCorr  .         Harm     .     (gloves unavailable)
MR     .....     NoTele   +     (boots unavailable)
Stlth  ++........               (no amulet)
                                (no ring)
                                (no ring)

@: lethally poisoned (0 -> -3), tree-form
A: no armour, no weapons or thrown items, stealth, (claws 0), (fangs 0), see
invisible, carnivore 3, (fire resistance 0), (speed 0), frail 1, (shaggy fur 0),
slow metabolism 1, (sharp paws)
a: no special abilities


You were on level 2 of the Dungeon.
You were not hungry.
You were a tree.
You visited 1 branch of the dungeon, and saw 2 of its levels.

You collected 67 gold pieces.

Inventory:

Missiles
 r - 14 arrows
Jewellery
 j - an uncursed amulet of guardian spirit {unknown}
 o - a cursed ring of loudness {unknown}
Scrolls
 c - a scroll of random uselessness {unknown}
 e - a scroll of immolation {unknown}
 f - 2 scrolls of identify {unknown}
 g - a scroll of enchant armour {unknown}
 l - a scroll of blinking {unknown}
 m - 3 scrolls of remove curse {unknown}
 n - 2 scrolls of fear {unknown}
 p - a scroll of fog {unknown}
 q - a scroll of teleportation {unknown}
Potions
 a - a potion of might
Comestibles
 b - 2 meat rations
 k - 2 bread rations


   Skills:
 + Level 3.5 Fighting
 + Level 4.1 Dodging
 + Level 0.8 Stealth
 + Level 4.9 Unarmed Combat


You had 2 spell levels left.
You didn't know any spells.

Dungeon Overview and Level Annotations

Branches:
Dungeon (2/15)

Altars:
Nemelex Xobeh


Innate Abilities, Weirdness & Mutations

You cannot wear armour.
You are incapable of wielding weapons or throwing items.
Your paws allow you to move quietly. (Stealth)
((You have sharp claws.))
((You have razor-sharp teeth.))
You have supernaturally acute eyesight. (SInv)
You are carnivorous and can eat meat at any time.
((You cover ground quickly.))
((You are covered in fur. (AC +1)))
You have a slow metabolism.
((Your sharp claws are effective at attacking unaware monsters.))
((Your flesh is heat resistant. (rF+)))
You are frail. (-10% HP)


Message History

* * * LOW HITPOINT WARNING * * *
You feel sick.
Okay, then.
It was a potion of lignification.
You turn into a tree.
Your roots penetrate the ground.
* * * LOW HITPOINT WARNING * * *
You feel sick.
It was a potion of cure mutation.
It has a very clean taste.
Unknown command.
Wield which item (- for none, * to show all)? (? for menu, Esc to quit)
Okay, then.
It was a potion of mutation.
You feel extremely strange.
You feel frail.
You feel resistant to heat.
* * * LOW HITPOINT WARNING * * *
You feel sick.
Unknown command.
Okay, then.
Drop what? 15/52 slots (_ for help) (? for menu, Esc to quit)
Okay, then.
You die...

#.#..........#
#########.÷
#.####'##....# .........
#. #.##....# ########.
#..#....# #.....#.
...#####'#....# #.....#'
#........[..# #.......
#.).....######.###.......
#.......#................
#.......♣...# ...###...
#..........#...# .#...#..
####+##..#.# # #.⌠.#.#
#..#.# #...#.# #.># ≈
≈≈≈###≈.# #.## .≈
≈≈≈≈≈≈... #.. ≈≈
≈≈≈≈≈≈... ## ###
≈≈≈###≈.. #≈≈#...#..


There were no monsters in sight!

Vanquished Creatures
  2 adders (D:2)
  2 dart slugs (D:1)
  3 giant cockroaches
  9 goblins
  4 hobgoblins
  5 kobolds
  A ball python (D:1)
  4 bats (D:1)
  A frilled lizard (D:1)
  2 rats
33 creatures vanquished.

Vanquished Creatures (others)
  A dart slug (D:1)
1 creature vanquished.

Grand Total: 34 creatures vanquished

Notes
Turn   | Place    | Note
-------+----------+-------------------------------------------
     0 | D:1      | equalderp2856 the Felid Fighter began the quest for the Orb.
     0 | D:1      | Reached XP level 1. HP: 10/10 MP: 2/2
   281 | D:1      | Reached XP level 2. HP: 14/14 MP: 3/3
   816 | D:1      | Found a sparkling altar of Nemelex Xobeh.
  1223 | D:2      | Reached XP level 3. HP: 17/17 MP: 4/4
  1730 | D:2      | Gained mutation: You are frail. (-10% HP) [potion of mutation]
  1730 | D:2      | Gained mutation: Your flesh is heat resistant. (rF+) [potion of mutation]
  1730 | D:2      | HP: 1/22 [poisoned by an adder]
  1734 | D:2      | Succumbed to an adder's poison

Action                   || total
-------------------------++-------
Melee: Unarmed           ||    75
       Bite              ||     4
       Punch             ||     1
  Use: Potion            ||     3
 Stab: Sleeping          ||     2
  Eat: Chunk             ||     4
Armor: Skin              ||     3
Dodge: Dodged            ||    47
